 Dungeon Crawl Stone Soup version 0.28.0 (webtiles) character file.

Game seed: 13540363414593485259

68 mkm the Firebug (level 4, -1/24 HPs)
             Began as a Gargoyle Fire Elementalist on Feb 12, 2022.
             Slain by Natasha (7 damage)
             ... on level 2 of the Dungeon.
             The game lasted 00:04:50 (2462 turns).

mkm the Firebug (Gargoyle Fire Elementalist)        Turns: 2462, Time: 00:04:50

Health: -1/24      AC:  6    Str: 12    XL:     4   Next: 19%
Magic:  2/7        EV: 11    Int: 17    God:
Gold:   62         SH:  0    Dex: 10    Spells: 5/8 levels left

rFire   . . .      SeeInvis .   g - +0 spear (venom)
rCold   . . .      Faith    .   (no shield)
rNeg    + . .      Spirit   .   a - +0 robe
rPois   ∞          Reflect  .   (no helmet)
rElec   +          Harm     .   (no cloak)
rCorr   .          Rampage  .   e - +0 pair of gloves
Will    .....                   (no boots)
Stlth   ++........              (no amulet)
HPRegen 0.08/turn               (no ring)
MPRegen 0.10/turn               (no ring)

@: no status effects
A: sickness immunity, AC +3, negative energy resistance 1, electricity
resistance, torment resistance 1, petrification resistance
a: no special abilities


You were on level 2 of the Dungeon.
You visited 1 branch of the dungeon, and saw 2 of its levels.

You collected 62 gold pieces.

Inventory:

Hand Weapons
 c - a +0 dagger
 g - a +0 spear of venom (weapon)
Armour
 a - a +0 robe (worn)
 e - a +0 pair of gloves (worn)
Scrolls
 i - a scroll of teleportation {unknown}
Potions
 b - a potion of magic {unknown}
 d - a potion of brilliance {unknown}
 f - a potion of might {unknown}
 h - a potion of curing
 j - a potion of flight {unknown}


   Skills:
 - Level 1.5 Dodging
 - Level 2.1 Stealth
 * Level 2.5 Spellcasting
 + Level 3.1 Conjurations
 + Level 3.5 Fire Magic


You had 5 spell levels left.
You knew the following spells:

 Your Spells              Type           Power      Damage    Failure   Level
a - Foxfire               Conj/Fire      52%        2x1d6     4%          1
b - Scorch                Fire           28%        2d6       6%          2

Your spell library contained the following spells:

 Spells                   Type           Power      Damage    Failure   Level
 Magic Dart               Conj           48%        1d5       4%          1
 Searing Ray              Conj           24%        2d5       8%          2
 Conjure Flame            Conj/Fire      13%        6-21      14%         3
 Inner Flame              Hex/Fire       8%         N/A       26%         3
 Flame Wave               Conj/Fire      13%        2d6       43%         4
 Fulminant Prism          Conj/Hex       3%         3d6       67%         4


Dungeon Overview and Level Annotations

Branches:
Dungeon (2/15)

Altars:

Annotations:
D:2 Natasha


Innate Abilities, Weirdness & Mutations

You are immune to sickness and miasma.
Your stone body is resilient. (AC +3)
You are immune to poison.
You resist negative energy. (rN+)
You are resistant to electric shocks. (rElec)
You are resistant to unholy torment.
You are immune to petrification.


Message History

The foxfire hits the bat.
The bat is moderately wounded.
The foxfire hits the bat.
The bat is severely wounded.
You conjure some foxfire!
The foxfire hits the bat.
The bat is severely wounded.
The foxfire hits the bat.
You kill the bat!
You open the door.
There is an open door here.
Found a stone staircase leading up.
There is a stone staircase leading up here.
There is a stone staircase leading up here.
There is an open door here.
There is a stone staircase leading down here.
Natasha, Servant of Life and Death comes into view.
She is carrying a wand of flame (17).
Natasha hisses angrily.
Natasha stares at you and mumbles some strange words.
The magic dart hits you.
You conjure some foxfire!
Natasha zaps a wand.
The puff of flame hits you.
The foxfire hits Natasha but does no damage.
The foxfire hits Natasha.
Natasha is lightly wounded.
You conjure some foxfire!
The foxfire hits Natasha.
Natasha is moderately wounded.
The foxfire hits Natasha.
Natasha is severely wounded.
Natasha drinks a potion.
Natasha is healed!
You conjure some foxfire!
Natasha zaps a wand.
The puff of flame misses you.
The foxfire hits Natasha but does no damage. x2
Natasha claws you!
* * * LOW HITPOINT WARNING * * *
Casting: Foxfire (safe; 4% risk of failure)
Confirm with . or Enter, or press ? or * to list all spells.
Flames lash Natasha.
Natasha is moderately wounded.
Natasha's fire resistance burns away.
Natasha claws you!
You die...

....# #########.# ....# ########
#.......#.# ....#### #......#
#.......#.# ....+..# #......#
#.......#.# ....##.###......#
#...)...#.# [........'......#
#.......#.#
.....#.###......####.......#.####
.....#.........§.................
####'#.####.####@h...........###.
.......####.####.###.......#.#
......>............#.......#.#
......#####.####.#.........#.#
......# #.# #.#....####....
......# #.# #.#....# #....
......# #.# #.#....# #.......
.....)#####.####.# ..# ..
............#....# ..# ..


You could see Natasha (combustible).

Vanquished Creatures
  Natasha (D:2)
  An adder (D:2)
  2 ball pythons (D:1)
  3 endoplasms (D:2)
  2 giant cockroaches (D:1)
  6 goblins
  A hobgoblin (D:1)
  2 jackals (D:1)
  A quokka (D:2)
  3 bats
  2 frilled lizards (D:1)
  5 kobolds (D:1)
  3 rats
32 creatures vanquished.

Vanquished Creatures (others)
  92 foxfires
92 creatures vanquished.

Grand Total: 124 creatures vanquished

Notes
Turn   | Place    | Note
-------+----------+-------------------------------------------
     0 | D:1      | mkm the Gargoyle Fire Elementalist began the quest for the
                  | Orb.
     0 | D:1      | Reached XP level 1. HP: 10/10 MP: 3/3
   477 | D:1      | Reached XP level 2. HP: 15/15 MP: 3/5
   572 | D:1      | Learned a level 2 spell: Scorch
  1383 | D:1      | Reached XP level 3. HP: 19/19 MP: 2/6
  1672 | D:2      | Found a faded altar of an unknown god.
  1808 | D:2      | Identified the +0 scale mail of the Guardian {Regen+ SInv}
  1831 | D:2      | Noticed Natasha
  1839 | D:2      | Killed Natasha
  2207 | D:2      | Reached XP level 4. HP: 24/24 MP: 4/7
  2452 | D:2      | Noticed Natasha
  2462 | D:2      | Slain by Natasha

Illustrated notes

Levels and vault maps discovered:
D:1:      minmay_arrival_widening_spiral_narrow, layout_basic
D:2:      layout_basic, hellmonk_ecumenical_altar_run_dry, uniq_natasha

Skill      XL: |  1  2  3 |
---------------+----------+-----
Conjurations   | 2 3 |  3.1
Dodging        | |  1.5
Stealth        | |  2.1
Spellcasting   | |  2.5
Fire Magic     | |  3.5

Action                   |  1- 3 |  4- 6 || total
-------------------------+-------+-------++-------
Melee: Spear             |     5 |       ||     5
 Cast: Foxfire           |    44 |     9 ||    53
       Scorch            |     2 |     1 ||     3
Armor: Robe              |     4 |       ||     4
Dodge: Dodged            |     5 |     1 ||     6
